Map: Cerulean Fall LE

Players

Ikaruga - Winner!

  • Race: Terran Terran
  • League: Master
  • Spawn Location: 7:00

VOD

Have the link to the VOD?

Description

Time

  • Played on: Dec. 19, 2018, 4:37 p.m.
  • Length: 10:33
Show
View Real Time Build Order
Export as new Build Order

Ikaruga Terran - Winner!

Build Orders: Mech 

Get SALT Encoding   

  12  0:02  SCV  
  12  0:14  SCV  
  12  0:18  Supply Depot  
  12  0:26  SCV  
  12  0:39  Refinery  
  12  0:40  SCV  
  12  0:46  Barracks  
  12  0:52  SCV  
  12  1:04  SCV  
  12  1:16  SCV  
  12  1:33  Orbital Command, Barracks Reactor  
  12  1:47  Command Center  
  12  2:00  SCV  
  12  2:09  Marine x2  
  12  2:11  Supply Depot  
  12  2:12  SCV  
  12  2:21  Factory  
  12  2:32  SCV, Marine x2  
  12  2:35  Refinery  
  12  2:42  Bunker  
  12  2:45  SCV  
  12  2:52  Marine x2  
  12  2:59  Orbital Command  
  12  3:03  SCV  
  12  3:06  Factory Tech Lab  
  12  3:14  Starport  
  12  3:21  SCV  
  12  3:24  Cyclone  
  12  3:27  SCV  
  12  3:30  Marine  
  12  3:32  Marine  
  12  3:37  SCV  
  12  3:46  Supply Depot  
  12  3:47  SCV  
  12  3:48  Marine  
  12  3:50  Marine  
  12  3:51  Starport Tech Lab  
  12  3:53  SCV  
  12  3:56  Cyclone  
  12  3:59  SCV  
  12  4:08  SCV, Marine x2  
  12  4:10  Supply Depot  
  12  4:11  Raven  
  12  4:13  SCV  
  12  4:18  Supply Depot  
  12  4:21  SCV  
  12  4:25  SCV  
  12  4:32  Marine x2  
  12  4:33  Siege Tank  
  12  4:37  SCV  
  12  4:38  Supply Depot  
  12  4:39  SCV  
  12  4:49  SCV  
  12  4:51  SCV  
  12  4:56  Command Center  
  12  4:58  Viking  
  12  5:01  SCV  
  12  5:05  SCV, Supply Depot  
  12  5:10  Siege Tank  
  12  5:13  SCV  
  12  5:16  Refinery  
  12  5:18  SCV  
  12  5:19  Refinery  
  12  5:25  SCV  
  12  5:28  Viking  
  12  5:31  SCV  
  12  5:36  Supply Depot  
  12  5:37  SCV  
  12  5:43  SCV  
  12  5:44  Siege Tank  
  12  5:50  SCV  
  12  5:52  Supply Depot  
  12  5:55  SCV  
  12  6:02  SCV  
  12  6:03  Bunker  
  12  6:07  SCV  
  12  6:12  Armory  
  12  6:14  SCV  
  12  6:15  Armory  
  12  6:19  SCV, Factory  
  12  6:26  SCV, Hellion  
  12  6:31  SCV  
  12  6:36  Orbital Command  
  12  6:38  Bunker, SCV  
  12  6:43  SCV  
  12  6:50  SCV, Refinery  
  12  6:51  Refinery  
  12  6:54  Factory  
  12  6:55  SCV, Siege Tank  
  12  6:59  Supply Depot  
  12  7:01  Supply Depot  
  12  7:02  SCV x2, Supply Depot  
  12  7:06  Hellion x2  
  12  7:07  SCV  
  12  7:11  Supply Depot  
  12  7:14  SCV x2  
  12  7:20  SCV, Infernal Pre-Igniter  
  12  7:23  Terran Vehicle Weapons Level 1, Terran Vehicle And Ship Armor Level 1  
  12  7:26  SCV x2  
  12  7:29  Hellion x2, Siege Tank  
  12  7:32  SCV  
  12  7:33  Supply Depot  
  12  7:38  SCV, Supply Depot  
  12  7:43  Siege Tank  
  12  7:44  Supply Depot x2  
  12  7:45  Supply Depot  
  12  7:49  Factory x2  
  12  7:52  Starport Reactor  
  12  7:54  Barracks Tech Lab  
  12  8:07  Siege Tank, Supply Depot  
  12  8:08  Hellion x2  
  12  8:12  Supply Depot  
  12  8:20  Siege Tank  
  12  8:28  Supply Depot  
  12  8:30  Hellion  
  12  8:31  Hellion  
  12  8:32  Supply Depot  
  12  8:33  Supply Depot  
  12  8:34  Factory Reactor, Factory Tech Lab  
  12  8:36  Supply Depot  
  12  8:41  Siege Tank  
  12  8:54  Siege Tank  
  12  8:55  Hellion x2, Siege Tank  
  12  8:56  Ghost Academy  
  12  9:01  Command Center  
  12  9:02  Barracks  
  12  9:03  Barracks  
  12  9:12  Hellion x2  
  12  9:14  Siege Tank  
  12  9:19  Hellion x2  
  12  9:24  Viking  
  12  9:25  Viking  
  12  9:29  Siege Tank  
  12  9:30  Siege Tank  
  12  9:37  Supply Depot  
  12  9:38  Hellion x2  
  12  9:42  Supply Depot  
  12  9:44  Hellion x2  
  12  9:46  Siege Tank  
  12  9:49  Barracks Tech Lab x2  
  12  9:54  Engineering Bay  
  12  9:57  Viking x2  
  12  10:04  Hellion x2  
  12  10:16  Refinery  
  12  10:20  Refinery  
  12  10:22  Command Center  
Tags
 
Composition
Mech
League
Master
Race
Terran
Add a new tag
Caveats
  • Supply blocks, unpowered buildings, or Contaminate may cause inaccurate times.
  • Supply counts are checked every 10 seconds.